 Dungeon Crawl Stone Soup version 0.31-a0-240-gb923e448b6 (webtiles) character file.

Game seed: 11064117882494574397

220 qw the Shooter (level 5, -22/32 HPs)
             Began as a Gargoyle Hexslinger on July 11, 2023.
             Was an Initiate of Okawaru.
             Annihilated by an ogre
             ... wielding a +0 giant spiked club
              (26 damage)
             ... on level 4 of the Dungeon.
             The game lasted 00:01:03 (3265 turns).

qw the Shooter (Gargoyle Hexslinger)                Turns: 3265, Time: 00:01:04

Health: -22/32     AC: 14    Str: 12    XL:     5   Next: 97%
Magic:  6/6        EV: 10    Int: 13    God:    Okawaru [......]
Gold:   188        SH:  5    Dex: 14    Spells: 5/6 levels left

rFire   + . .        Y - +1 orcbow
rCold   . . .        (shield currently unavailable)
rNeg    + . .        i - +0 ring mail
rPois   inf          e - +1 hat
rElec   +            k - +1 cloak
rCorr   .            f - +0 pair of gloves
SInv    .            d - +0 pair of boots
Will    .....        a - amulet "Beppuq" {Reflect rF+ Regen+ SH+5}
Stlth   +            (no ring)
HPRegen 1.05/turn    (no ring)
MPRegen 0.10/turn

%: reflection
@: about to teleport
A: sickness immunity, AC +4, negative energy resistance 1, electricity
resistance, torment resistance 1, petrification resistance
a: Renounce Religion


You were on level 4 of the Dungeon.
You worshipped Okawaru.
Okawaru was noncommittal.
You visited 2 branches of the dungeon, and saw 5 of its levels.

You collected 188 gold pieces.


Innate Abilities, Weirdness & Mutations

You are immune to sickness and miasma.
Your stone body is resilient. (AC +4)
You are immune to poison.
You resist negative energy. (rN+)
You are resistant to electric shocks. (rElec)
You are resistant to unholy torment.
You are immune to petrification.


   Skills:
 + Level 2.8 Fighting
 - Level 5.1 Ranged Weapons
 - Level 1.3 Armour
 - Level 1.5 Dodging
 - Level 1.0 Spellcasting
 - Level 2.6 Hexes


You had 5 spell levels left.
You knew the following spells:

 Your Spells              Type           Power      Damage    Failure   Level
a - Slow                  Hex            28%        N/A       21%         1

Your spell library contained the following spells:

 Spells                   Type           Power      Damage    Failure   Level
 Inner Flame              Hex/Fire       4%         N/A       71%         3
 Portal Projectile        Hex/Tloc       8%         N/A       71%         3
 Cause Fear               Hex            3%         N/A       90%         4

Inventory:

Hand Weapons
 Y - a +1 orcbow (weapon)
Armour
 d - a +0 pair of boots (worn)
 e - a +1 hat (worn)
 f - a +0 pair of gloves (worn)
 i - a +0 ring mail (worn)
 k - a +1 cloak (worn)
Jewellery
 a - the amulet "Beppuq" (around neck) {Reflect rF+ Regen+ SH+5}
   (You acquired it on level 1 of the Dungeon)

   [amulet of reflection]

   It reflects blocked missile attacks.
   rF:        It protects you from fire.
   Regen:     It increases your rate of health regeneration.
   SH:        It affects your SH (+5).
 g - a ring of ice
Scrolls
 h - 2 scrolls of identify
Potions
 c - a potion of resistance

Dungeon Overview and Level Annotations

Branches:
Dungeon (4/15)             Temple (1/1) D:4

Altars:
Ashenzari
Cheibriados
Dithmenos
Elyvilon
Gozag
Hepliaklqana
Nemelex Xobeh
Okawaru
Qazlal
Trog
Uskayaw
Vehumet
Wu Jian
Xom
Zin


Message History

Press < or > to pray at altars.
Press < or > to pray at altars.
Press < or > to pray at altars.
Press < or > to pray at altars.
3150 ||| PLANNING D:1-11 Press < or > to pray at altars.
Done exploring.
Press < or > to pray at altars.
Press < or > to pray at altars.
(D) Dungeon (T) Temple
Where to? (* - list waypoints, Enter - Temple @ (x,y), ? - help)
What level of the Dungeon? (default 4, ? - help) Press < or > to pray at altars.
There is a staircase back to the Dungeon here.
You climb upwards.
Welcome back to the Dungeon!
There is a staircase to the Ecumenical Temple here.
Enter note: You enter the shallow water.
Moving in this stuff is going to be slow.
g - a ring of ice
Enter note:
Found a ring mail.
Enter note: You see here a +0 ring mail.
You see here a +0 ring mail.
An ogre comes into view. It is wielding a +0 giant spiked club.
The ogre shouts!
Enter note: You shoot an arrow.
The arrow hits the ogre!
The ogre is moderately wounded.
The ogre hits you with a +0 giant spiked club!!
Ouch! That really hurt!
You shoot an arrow. The arrow hits the ogre!
The ogre is heavily wounded.
The ogre hits you with a +0 giant spiked club!
3265 ||| READING scroll of teleportation.
As you read the scroll of teleportation, it crumbles to dust.
You feel strangely unstable.
The ogre hits you with a +0 giant spiked club!!
Ouch! That really hurt!
You die...

.#..##### .......
####.###.....### #..
....#~~~~~~~~~#.# #...
..#.#~#.....#~#..
#..###.#..~.......~..#
#....O....~......(~..#
#..###@...~...>...~..#
#..##.....~.).....~..#
#..##.#...~.......~...
#........#~#.....#~#..
#..##.#..#~~~~~~~~~# #
#..##.#..###.....###.#
##
#....................#
.#
#.###.#..#..##?.######
.# #.# #.#....###%##


You could see an ogre.

Vanquished Creatures
  A scorpion (D:4)
  A hound (D:3)
  An iguana (D:4)
  3 gnolls (D:3)
  An adder (D:4)
  2 worms (D:2)
  A dart slug (D:1)
  2 orcs (D:4)
  3 bats
  6 endoplasms
  3 giant cockroaches
  4 goblins
  9 hobgoblins
  5 jackals
  5 kobolds
  8 ball pythons
  3 frilled lizards
  3 rats
61 creatures vanquished.

Notes
Turn   | Place    | Note
-------+----------+-------------------------------------------
     0 | D:1      | qw the Gargoyle Hexslinger began the quest for the Orb.
     0 | D:1      | Reached XP level 1. HP: 12/12 MP: 2/2
     0 | D:1      | 0 ||| qw: Version: 0.3-a-52-g30416fa
     0 | D:1      | 0 ||| qw: Game counter: 6096
     0 | D:1      | 0 ||| qw: Melee chars always use a shield: true
     0 | D:1      | 0 ||| qw: God list: Okawaru
     0 | D:1      | 0 ||| qw: Allow faded altars: false
     0 | D:1      | 0 ||| qw: Do Orc after clearing Dungeon:15 true
     0 | D:1      | 0 ||| qw: Do second Lair branch before Depths: true
     0 | D:1      | 0 ||| qw: Lair rune preference: random
     0 | D:1      | 0 ||| qw: Goals: Normal
     0 | D:1      | 0 ||| PLANNING D:1-11
   200 | D:1      | Reached XP level 2. HP: 13/16 MP: 3/3
   479 | D:1      | Reached skill level 3 in Ranged Weapons
   592 | D:1      | Reached XP level 3. HP: 21/21 MP: 4/4
  1188 | D:1      | 1188 ||| UPGRADING to +1 hat.
  1193 | D:1      | 1193 ||| UPGRADING to +0 ring mail.
  1203 | D:1      | 1203 ||| DROPPING +0 robe.
  1204 | D:1      | 1204 ||| READING scroll labelled HEGGORCH XEORILIT.
  1205 | D:1      | 1205 ||| READING 2 scrolls labelled HYJU QASUDIW.
  1206 | D:1      | 1206 ||| READING scroll of brand weapon.
  1206 | D:1      | 1206 ||| BRANDING +1 sling of flaming.
  1207 | D:1      | 1207 ||| READING 2 scrolls labelled ZOKYOX XAIDUXE.
  1208 | D:1      | 1208 ||| READING scroll labelled TIENIXTEPYA.
  1213 | D:1      | 1213 ||| READING scroll labelled GUMMONWUNO.
  1213 | D:1      | Identified a scroll of acquirement
  1213 | D:1      | 1213 ||| ACQUIRING amulet "Beppuq" {Reflect rF+ Regen+
                  | SH+5}
  1213 | D:1      | Acquired the amulet "Beppuq" {Reflect rF+ Regen+ SH+5}
  1215 | D:1      | 1215 ||| UPGRADING to amulet "Beppuq" {Reflect rF+ Regen+
                  | SH+5}.
  1220 | D:1      | 1220 ||| READING scroll labelled JIUVUI FENNOWY.
  1221 | D:1      | 1221 ||| READING scroll labelled TETATUUTHOU.
  1322 | D:1      | 1322 ||| DROPPING scroll of poison.
  1568 | D:2      | 1568 ||| SWAPPING to +0 orcbow.
  1569 | D:2      | 1569 ||| DROPPING +1 sling of draining.
  1873 | D:2      | 1873 ||| UPGRADING to +0 pair of gloves.
  1878 | D:2      | 1878 ||| DRINKING 2 coppery potions.
  1879 | D:2      | 1879 ||| DROPPING potion of brilliance.
  2030 | D:3      | Reached XP level 4. HP: 26/26 MP: 5/5
  2198 | D:3      | Reached skill level 1 in Armour
  2207 | D:3      | Reached skill level 4 in Ranged Weapons
  2368 | D:3      | Reached XP level 5. HP: 30/30 MP: 6/6
  2856 | D:3      | 2856 ||| READING scroll labelled PUUNOU HEBBA.
  2857 | D:3      | 2857 ||| READING scroll labelled QAROTA FULU.
  2863 | D:3      | 2863 ||| READING 4 scrolls of identify.
  2863 | D:3      | 2863 ||| IDENTIFYING brown potion
  2864 | D:3      | 2864 ||| READING 3 scrolls of identify.
  2864 | D:3      | 2864 ||| IDENTIFYING bubbling blue potion
  2865 | D:3      | 2865 ||| DROPPING potion of invisibility.
  3040 | D:4      | Reached skill level 5 in Ranged Weapons
  3107 | D:4      | Found a staircase to the Ecumenical Temple.
  3108 | D:4      | 3108 ||| PLANNING TEMPLE
  3108 | D:4      | 3108 ||| UPGRADING to +0 pair of boots.
  3113 | D:4      | 3113 ||| UPGRADING to +1 cloak.
  3118 | D:4      | 3118 ||| READING 2 scrolls labelled DAORULATUA.
  3119 | D:4      | 3119 ||| READING scroll labelled YQANABA SYELE.
  3120 | D:4      | 3120 ||| DROPPING scroll of immolation.
  3129 | Temple   | Entered the Ecumenical Temple
  3131 | Temple   | 3131 ||| PLANNING OKAWARU WORSHIP
  3149 | Temple   | Became a worshipper of Warmaster Okawaru
  3150 | Temple   | 3150 ||| PLANNING D:1-11
  3262 | D:4      | Noticed an ogre
  3264 | D:4      | HP: 3/32 [ogre/+0 giant spiked club (12)]
  3265 | D:4      | 3265 ||| READING scroll of teleportation.
  3265 | D:4      | Annihilated by an ogre

Levels and vault maps discovered:
D:1:      lightli_arrival_statue_moat, layout_basic, roderic_lattice_a,
          chequers_serial_rivers_small_3, minmay_hedge_maze
D:2:      layout_basic
D:3:      layout_loops_ring, serial_co_window_serial, co_window_corner_a,
          co_window_corner_a, co_window_of_opportunity_a, co_window_paths_a,
          co_window_corner_a, co_window_paths_a, co_window_broadway_c,
          co_window_2corner, co_window_paths_c, co_window_broadway_a,
          co_window_4corner_b, grunt_ministairs_6,
          chequers_serial_rivers_micro_c
D:4:      layout_loops_ring, led_sif_pool, minmay_temple_entry_water_ring,
          uniq_crazy_yiuf_cottage, uniq_robin
Temple:   hellmonk_temple_two_chambers

Skill      XL: |  1  2  3  4  5 |
---------------+----------------+-----
Ranged Weapons | 3 4 5 |  5.1
Fighting       | 2 |  2.8
Armour         | 1 |  1.3
Dodging        | |  1.5
Spellcasting   | |  1.0
Hexes          | |  2.6

Action                     |  1- 3 |  4- 6 || total
---------------------------+-------+-------++-------
   Fire: Sling             |   117 |       ||   117
         Orcbow            |    20 |    89 ||   109
    Use: Scroll            |     8 |     7 ||    15
         Potion            |     1 |       ||     1
 Armour: Robe              |    15 |       ||    15
         Ring mail         |     9 |    34 ||    43
  Dodge: Dodged            |    49 |    34 ||    83
  Block: Other             |     7 |    13 ||    20

Table legend:
 A = Non-vault XP
 B = Vault XP
 C = Vault XP percentage of total XP
 D = Non-vault monster count
 E = Vault monster count
 F = Vault count percentage of total count
                 A         B        C        D         E       F
            +---------+---------+-------+---------+---------+-------
      Total |     312 |       3 |   1.0 |      59 |       2 |   3.3
            +---------+---------+-------+---------+---------+-------
        D:1 |      47 |       0 |   0.0 |      25 |       0 |   0.0
        D:2 |      29 |       0 |   0.0 |      14 |       0 |   0.0
        D:3 |      92 |       3 |   3.2 |      10 |       2 |  16.7
        D:4 |     144 |       0 |   0.0 |      10 |       0 |   0.0
            +---------+---------+-------+---------+---------+-------
